 Dungeon Crawl Stone Soup version 0.28.0-53-g5a82cb258f (webtiles) character file.

Game seed: 14754096511976648695

135 Jerry the Skirmisher (level 5, -5/42 HPs)
             Began as a Human Fighter on July 8, 2022.
             Slain by a steam dragon (9 damage)
             ... on level 3 of the Dungeon.
             The game lasted 00:03:37 (2582 turns).

Jerry the Skirmisher (Human Fighter)                Turns: 2582, Time: 00:03:37

Health: -5/42      AC:  9    Str: 18    XL:     5   Next: 41%
Magic:  5/5        EV:  9    Int:  8    God:
Gold:   54         SH:  5    Dex: 13    Spells: 4/4 levels left

rFire   . . .      SeeInvis .   a - +0 long sword
rCold   . . .      Faith    .   c - +0 buckler
rNeg    . . .      Spirit   .   b - +0 scale mail
rPois   .          Reflect  .   g - +0 helmet
rElec   .          Harm     .   (no cloak)
rCorr   .          Rampage  .   h - +0 pair of gloves
Will    .....                   (no boots)
Stlth   ..........              (no amulet)
HPRegen 0.14/turn               (no ring)
MPRegen 0.09/turn               (no ring)

@: mighty
A: no striking features
a: no special abilities


You were on level 3 of the Dungeon.
You visited 1 branch of the dungeon, and saw 3 of its levels.

You collected 54 gold pieces.

Inventory:

Hand Weapons
 a - a +0 long sword (weapon)
 i - a +0 dagger of venom
 j - a +2 dagger of holy wrath
Armour
 b - a +0 scale mail (worn)
 c - a +0 buckler (worn)
 g - a +0 helmet (worn)
 h - a +0 pair of gloves (worn)
Scrolls
 f - 2 scrolls of vulnerability {unknown}
 k - a scroll of enchant armour {unknown}
Potions
 e - a potion of haste {unknown}
 l - a potion of magic {unknown}
 m - a potion of berserk rage {unknown}


   Skills:
 + Level 3.8 Fighting
 + Level 3.1 Long Blades
 + Level 3.7 Armour
 + Level 3.8 Shields


You had 4 spell levels left.
You didn't know any spells.
Your spell library was empty.

Dungeon Overview and Level Annotations

Branches:
Dungeon (3/15)

Altars:

Annotations:
D:3 Jessica


Message History

You kill the hobgoblin!
No target in view!
No target in view!
No target in view!
No target in view!
No target in view!
No target in view!
No target in view!
No target in view!
No target in view!
No target in view!
No target in view!
You hear the rapid rusting of a drain very nearby.
A steam dragon comes into view.
Nothing quivered!
You feel very mighty all of a sudden. The steam dragon breathes steam at you.
The ball of steam misses you.
You hear a shout!
You hit the steam dragon.
The steam dragon is lightly wounded.
You are engulfed in a cloud of scalding steam.
The steam dragon bites you! The steam dragon claws you.
The steam dragon barely misses you. The steam dragon claws you.
You are too injured to fight recklessly!
You are too injured to fight recklessly!
The steam dragon closely misses you.
The steam dragon claws you but does no damage.
You barely miss the steam dragon.
Jessica the Apprentice Sorceress comes into view.
She is wielding a +0 dagger.
The steam dragon bites you.
The steam dragon claws you but does no damage.
You barely miss the steam dragon.
Jessica shouts!
The steam dragon breathes steam at you. The ball of steam hits you!
* * * LOW HITPOINT WARNING * * *
You hear a shout!
The steam dragon bites you!
You die...

......##.###.#. ..
#+######.......... #+##
#.....#..@# . ...#
......#.#.# ##.# ...#
#..##.#.#.#... . ...#
#.....#.#.#.###..
#'######....#..........#
..[[....).§§§§§§D#...#.#
..##.##.#.#.....@......#
####.##..............###
#.##.....).......##
#..........)...###
####.....###)#.# #..##.#
#.### #...... ...
##....###.## ..##.# ###


You could see a steam dragon and Jessica.

Vanquished Creatures
  A hound (D:3)
  An orc wizard (D:3)
  An adder (D:2)
  3 worms
  A dart slug (D:1)
  7 orcs
  4 bats
  An endoplasm (D:1)
  3 giant cockroaches
  5 hobgoblins
  3 quokkas
  5 ball pythons
  A frilled lizard (D:1)
  7 goblins
  4 kobolds
  6 rats
53 creatures vanquished.

Notes
Turn   | Place    | Note
-------+----------+-------------------------------------------
     0 | D:1      | Jerry the Human Fighter began the quest for the Orb.
     0 | D:1      | Reached XP level 1. HP: 18/18 MP: 1/1
   173 | D:1      | Reached XP level 2. HP: 18/24 MP: 2/2
   462 | D:1      | Found a faded altar of an unknown god.
   606 | D:1      | Reached XP level 3. HP: 29/29 MP: 3/3
  1425 | D:2      | Reached XP level 4. HP: 35/35 MP: 4/4
  2123 | D:3      | Reached XP level 5. HP: 23/42 MP: 5/5
  2126 | D:3      | HP: 2/42 [something/puff of flame (13)]
  2573 | D:3      | Noticed a steam dragon
  2580 | D:3      | Noticed Jessica
  2582 | D:3      | Slain by a steam dragon

Illustrated notes

Levels and vault maps discovered:
D:1:      dpeg_arrival_ternary, layout_loops_ring,
          hellmonk_ecumenical_altar_leap_of_faith
D:2:      layout_loops_ring
D:3:      layout_basic, gup_sewer_entry_glass, uniq_jessica

Skill      XL: |  1  2  3  4  5 |
---------------+----------------+-----
Long Blades    | 3 |  3.1
Fighting       | |  3.8
Armour         | |  3.7
Shields        | |  3.8

Action                   |  1- 3 |  4- 6 || total
-------------------------+-------+-------++-------
Melee: Long sword        |   102 |    81 ||   183
  Use: Potion            |       |     1 ||     1
Armor: Scale mail        |    67 |    36 ||   103
Dodge: Dodged            |    47 |    39 ||    86
Block: Buckler           |    27 |    13 ||    40
